 Dungeon Crawl Stone Soup version 0.16-a0-3781-g2316936 (webtiles) character file.

154 Badjas the Covered (level 5, -1/42 HPs)
             Began as a Formicid Fighter on Sept 23, 2014.
             Killed by nerve-wracking pain
             ... invoked by an orc priest
              (5 damage)
             ... on level 3 of the Dungeon on Jan 25, 2015.
             The game lasted 00:09:15 (2109 turns).

Badjas the Covered (Formicid Fighter)               Turns: 2109, Time: 00:09:16

Health: -1/42      AC:  8    Str: 27    XL:     5   Next: 62%
Magic:  7/7        EV:  9    Int:  7    God:
Gold:   213        SH: 10    Dex: 10    Spells: 0 memorised, 4 levels left

rFire  . . .     SeeInvis +     a - +0 flail
rCold  . . .     Clarity  .     b - +0 scale mail
rNeg   . . .     SustAb   .     c - +0 shield
rPois  .         Gourm    .     (helmet unavailable)
rElec  .         Spirit   .     g - +0 cloak
rCorr  .         Warding  .     (no gloves)
rMut   .         Stasis   +     (no boots)
MR     .....                    (no amulet)
Stlth  ..........               (no ring)
                                (no ring)

@: mighty, not resistant to hostile enchantments, extremely unstealthy
A: permanent stasis, dig shafts and tunnels, four strong arms, antennae 3
a: Dig, Shaft Self


You were on level 3 of the Dungeon.
You were not hungry.

You visited 1 branch of the dungeon, and saw 3 of its levels.

You collected 213 gold pieces.

Inventory:

Hand weapons
 a - a +0 flail (weapon)
Missiles
 j - 5 needles of confusion
 n - 18 bolts
Armour
 b - a +0 scale mail (worn)
 c - a +0 shield (worn)
 g - a +0 cloak (worn)
Jewellery
 s - a cursed ring of teleportation {unknown}
Scrolls
 f - a scroll of fog {unknown}
 h - 2 scrolls of teleportation {unknown}
 i - a scroll of blinking {unknown}
 k - 3 scrolls of identify {unknown}
Potions
 e - a potion of might
 m - a potion of magic {unknown}
 o - a potion of cure mutation {unknown}
 t - a potion of ambrosia {unknown}
Comestibles
 d - a bread ration
 l - a royal jelly
 p - a beef jerky
 q - a slice of pizza


   Skills:
 + Level 4.1 Fighting
 + Level 2.6 Maces & Flails
 + Level 4.6 Armour
 - Level 1.0 Dodging
 + Level 4.6 Shields


You had 4 spell levels left.
You didn't know any spells.

Dungeon Overview and Level Annotations

Branches:
Dungeon (3/15)

Altars:
Ru
Yredelemnul


Innate Abilities, Weirdness & Mutations

You are under a permanent stasis effect.
You can dig through walls and to a lower floor.
Your four strong arms can wield two-handed weapons with a shield.
You have a pair of large antennae on your head (SInv).


Message History

The hobgoblin hits you but does no damage.
You thump the orc priest!
You kill the orc priest!
You block the hobgoblin's attack.
Your shield prevents you from hitting the hobgoblin.
The hobgoblin barely misses you.
You barely miss the hobgoblin.
The hobgoblin hits you but does no damage.
You barely miss the hobgoblin. You block the hobgoblin's attack.
You sock the hobgoblin!
You kill the hobgoblin!
You barely miss the orc. The orc barely misses you.
The orc hits you but does no damage.
You bludgeon the orc!!
You kill the orc!
You block the orc priest's attack.
You barely miss the orc priest.
The orc priest gestures at you while chanting.
Pain shoots through your body!
You die...

#.#.##.# ##.#.##.#
####### #........
#.. ..# #.....#.#
#.# #.# #.......#
#.###.###.....#.#
##...............#
#.)....######.####
#@#.#.## #.#
#o#†#.# ###
#>#?#.# #$....#
###.####...
.o..#_...
.#..##... {#
#.##8. g ##


You could see an orc priest.

Vanquished Creatures
  2 orc priests (D:3)
  An adder (D:3)
  3 worms (D:2)
  A giant gecko (D:2)
  An ooze (D:1)
  8 orcs (D:3)
  5 bats
  5 giant cockroaches
  7 hobgoblins
  9 kobolds
  A quokka (D:2)
  4 giant newts
  4 goblins
  A hobgoblin skeleton (D:3)
  10 rats
  A spectral orc (D:2)
  A plant (D:1)
64 creatures vanquished.

Notes
Turn   | Place    | Note
--------------------------------------------------------------
     0 | D:1      | Badjas, the Formicid Fighter, began the quest for the Orb.
     0 | D:1      | Reached XP level 1. HP: 18/18 MP: 1/1
   305 | D:1      | Reached XP level 2. HP: 24/24 MP: 3/3
   434 | D:1      | Reached XP level 3. HP: 26/30 MP: 4/4
   793 | D:2      | Reached skill level 4 in Shields
  1143 | D:2      | Reached XP level 4. HP: 37/37 MP: 5/5
  1249 | D:2      | Found a basalt altar of Yredelemnul.
  1939 | D:3      | Reached skill level 1 in Dodging
  2086 | D:3      | Found a sacrificial altar of Ru.
  2087 | D:3      | Upgraded the game from 0.16-a0-747-geaeaf20 to 0.16-a0-3781-g2316936
  2098 | D:3      | Reached XP level 5. HP: 2/42 MP: 7/7
  2109 | D:3      | Killed from afar by an orc priest

Action                   |  1- 3 |  4- 6 || total
-------------------------+-------+-------++-------
Melee: Flail             |   114 |   108 ||   222
  Use: Potion            |       |     1 ||     1
  Eat: Chunk             |     1 |     3 ||     4
